 Dungeon Crawl Stone Soup version 0.31-a0-1338-gb567cfd (webtiles) character file.

Game seed: 9946730221179846922

140411 sdynet the Slayer (level 17, -13/210 HPs)
             Began as an Oni Fighter on Dec 21, 2023.
             Was the Champion of Nemelex Xobeh.
             Collided with a stone wall (28 damage)
             ... caused by a merfolk aquamancer
             ... on level 4 of the Shoals.
             The game lasted 01:43:25 (29228 turns).

sdynet the Slayer (Oni Fighter)                    Turns: 29228, Time: 01:43:26

Health: -13/210    AC:  9    Str: 28    XL:     17   Next: 30%
Magic:  30/30      EV:  9    Int:  9    God:    Nemelex Xobeh [******]
Gold:   881        SH: 18    Dex: 10    Spells: 16/16 levels left

rFire   + . .        a - +5 trident (protect)
rCold   + . .        c - +1 kite shield
rNeg    . . .        A - +2 robe {rC+}
rPois   +            n - +2 hat
rElec   .            h - +1 cloak
rCorr   .            (gloves unavailable)
SInv    .            (boots unavailable)
Will    +++..        M - amulet of reflection
Stlth   +            r - ring of willpower
HPRegen 0.55/turn    Q - ring of poison resistance
MPRegen 0.22/turn

%: reflection
@: studying 2 skills
A: drunken brawling, large, unfitting armour, horns 1, tough skin 1, double
potion healing, talons 1, fire resistance 1, strong-willed 1
a: Renounce Religion, Draw Escape, Draw Destruction, Draw Summoning, Draw Stack,
Triple Draw, Deal Four, Stack Five


You were on level 4 of the Shoals.
You worshipped Nemelex Xobeh.
Nemelex Xobeh was exalted by your worship.
You visited 5 branches of the dungeon, and saw 27 of its levels.

You collected 3059 gold pieces.
You spent 2178 gold pieces at shops.

Inventory:

Hand Weapons
 a - a +5 trident of protection (weapon)
 b - a +6 trident of freezing
Missiles
 F - 5 throwing nets
 K - 4 atropa-tipped darts
 W - 19 boomerangs (quivered)
 Z - 10 poisoned darts
Armour
 c - a +1 kite shield (worn)
 h - a +1 cloak (worn)
 n - a +2 hat (worn)
 s - the orb "Vientus" {mayhem, rN+}
   (You found it on level 2 of the Lair of Beasts)

   rN+:       It protects you from negative energy.
 z - a +0 troll leather armour
 A - a +2 robe of cold resistance (worn)
Jewellery
 p - a +4 ring of protection
 r - a ring of willpower (left hand)
 x - a ring of see invisible
 M - an amulet of reflection (around neck)
 Q - a ring of poison resistance (right hand)
 U - a +5 ring of evasion
Talismans
 q - a beast talisman
 D - a maw talisman
Wands
 k - a wand of iceblast (6)
 u - a wand of acid (1)
 J - a wand of paralysis (4)
Scrolls
 e - 9 scrolls of teleportation {!r}
 f - a scroll of torment
 j - 2 scrolls of enchant weapon
 l - 4 scrolls of fog {!r}
 m - a scroll of vulnerability
 v - a scroll of summoning {!r}
 w - 2 scrolls of blinking
 y - 2 scrolls of fear {!r}
 E - 4 scrolls of revelation {!r}
 O - a scroll of noise {unknown}
 P - a scroll of immolation
 R - 2 scrolls of silence {!r}
 V - a scroll of poison
Potions
 d - 3 potions of might {!q}
 g - 4 potions of mutation
 i - 2 potions of lignification {!q}
 o - 3 potions of magic {!q}
 t - 2 potions of heal wounds {!q}
 B - a potion of resistance {!q}
 C - 2 potions of brilliance {!q}
 G - 6 potions of curing {!q}
 H - 6 potions of haste {!q}
 I - a potion of berserk rage {!q}
 L - a potion of enlightenment {!q!q}
 S - 2 potions of invisibility {!q}
Miscellaneous
 N - a sack of spiders
 T - a lightning rod (1/4)


   Skills:
 + Level 22.6 Fighting
 + Level 15.1 Polearms
 - Level 3.0 Dodging
 + Level 14.3 Shields
 + Level 18.5 Invocations
 - Level 1.0 Evocations


You had 16 spell levels left.
You didn't know any spells.
Your spell library contained the following spells:

 Spells                   Type           Power      Damage    Failure   Level
 Apportation              Tloc           0%         N/A       50%         1
 Freeze                   Ice            0%         1d3       50%         1
 Magic Dart               Conj           0%         1d3       50%         1
 Necrotise                Necr           0%         1d4       50%         1
 Sting                    Conj/Alch      0%         1d3       50%         1
 Summon Small Mammal      Summ           0%         N/A       50%         1
 Blink                    Tloc           0%         N/A       65%         2
 Call Imp                 Summ           0%         N/A       65%         2
 Jinxbite                 Hex            0%         N/A       65%         2
 Sublimation of Blood     Necr           0%         N/A       65%         2
 Call Canine Familiar     Summ           0%         N/A       86%         3
 Frozen Ramparts          Ice            0%         1d1       86%         3
 Fugue of the Fallen      Necr           0%         N/A       86%         3
 Hailstorm                Conj/Ice       0%         3d5       86%         3
 Ozocubu's Armour         Ice            0%         N/A       86%         3
 Summon Guardian Golem    Hex/Summ       0%         N/A       86%         3
 Tukima's Dance           Hex            0%         N/A       86%         3
 Brom's Barrelling Bould  Conj/Erth      0%         2d3       99%         4
 Dimensional Bullseye     Hex/Tloc       0%         N/A       99%         4
 Iskenderun's Mystic Bla  Conj/Tloc      0%         2d3       99%         4
 Manifold Assault         Tloc           0%         N/A       99%         4
 Petrify                  Alch/Erth      0%         N/A       99%         4
 Summon Ice Beast         Ice/Summ       0%         N/A       99%         4
 Alistair's Intoxication  Alch           0%         N/A       100%        5
 Fireball                 Conj/Fire      0%         3d3       100%        5
 Irradiate                Conj/Alch      0%         3d11      100%        5
 Iskenderun's Battlesphe  Conj           0%         2d6       100%        5
 Conjure Ball Lightning   Conj/Air       0%         3x3d6     100%        6
 Simulacrum               Ice/Necr       0%         N/A       100%        6
 Orb of Destruction       Conj           0%         9d5       100%        7


Dungeon Overview and Level Annotations

Branches:
Dungeon (15/15)            Temple (1/1) D:5            Lair (5/5) D:11
 Shoals (4/4) Lair:3       Spider (0/4) Lair:2        Slime (0/5) Lair:4
    Orc (2/2) D:9             Elf (0/3) Orc:2        Vaults (0/5) D:14
 Depths (0/4) D:15

Altars:
Ashenzari
Cheibriados
Dithmenos
Elyvilon
Fedhas
Gozag
Hepliaklqana
Kikubaaqudgha
Makhleb
Nemelex Xobeh
Okawaru
Qazlal
Ru
Sif Muna
Trog
Uskayaw
Vehumet
Wu Jian
Xom
Yredelemnul
Zin
The Shining One
Jiyva

Shops:
Orc:1 **   Orc:2 [!:(!*[!   Shoals:1 *

Portals:
Hell: Lair:5

Annotations:
D:8 exclusion: ice statue
D:13 3 runed translucent doors, exclusion: 3 doors, cinnamon's ghost, journeyman TrFi
D:14 3 runed translucent doors, exclusion: 3 doors
Lair:4 exclusion: downstairs
Shoals:3 3 runed translucent doors, exclusion: 3 doors, MrDizzy's ghost, adept BaIE


Innate Abilities, Weirdness & Mutations

Whenever you drink a potion that restores your health or magic, you attack all enemies around you.
You are too large for most types of armour.
You have a pair of small horns on your head.
You have tough skin. (AC +1)
Whenever you drink a potion that restores your health or magic, it restores twice as much.
You have sharp toenails.
Your flesh is heat resistant. (rF+)
You are strong-willed. (Will+)


Message History

The bolt of acid hits the merfolk aquamancer!!
The acid corrodes the merfolk aquamancer!
The merfolk aquamancer is heavily wounded.
The merfolk aquamancer shouts!
You block the merfolk's attack.
You draw a card...
You have drawn the Orb.
Press: ? - help, Shift-Dir - straight line, f/p - merfolk aquamancer
Aim: a merfolk aquamancer, wielding a +2 rapier of draining and wearing a +0 robe (heavily wounded, covered in acid)
The wavering orb of destruction weakly hits the merfolk!
The merfolk is moderately wounded.
Your orb of destruction hits a stone wall. x3
You block the merfolk's attack.
The merfolk javelineer throws a silver javelin.
The silver javelin pierces through you! The silver sears you!
The merfolk hits you with a +0 trident!
The merfolk aquamancer casts a spell at you.
The shard of ice misses you.
The orb of destruction hits the merfolk javelineer!!!!
You blow up the merfolk javelineer!
Your orb of destruction hits a granite statue.
The orb of destruction hits the merfolk aquamancer!!!!
You blow up the merfolk aquamancer!
You block the merfolk's attack.
You draw a card...
You have drawn the Swarm.
The merfolk aquamancer hits your killer bee with the +12 glaive of Prune {freeze, Prune}!!
The merfolk aquamancer freezes your killer bee!
Your killer bee dies!
Your killer bee's corpse disappears in a puff of smoke!
You block the merfolk's attack.
You draw a card...
You have drawn the Cloud.
Clouds appear around your foes!
Your killer bee stings the merfolk.
The merfolk hits you with a +0 trident!
* * * LOW HITPOINT WARNING * * *
The merfolk aquamancer gestures at you while chanting.
The torrent of water hits you!!!
* * * LOW HITPOINT WARNING * * *
You are knocked back by the torrent of water.
You slam into the stone wall!
You die...
Your body glows with a rainbow of weird colours and disappears.

#.....P.P...P~≈ #.
........P.....~≈≈≈~~##
..........P..~≈≈≈..P#
#####....).....# P.≈≈≈~.#
###...###........## ~~≈~~
##.....(.##........###.~~#
#)...#8††)#.yP..P...##~P~##~
##...##.(†°##m☼....(.##...~~≈
#)...#_.°°[)@☼°°...<.##.<.~≈≈
##...##..†y##.☼☼°P...##....~≈
#....#8(.)#.P°m°.)..##~.~##~
##.......##..P°☼○..###~~~#
###...###P....().## ~~~~.
#####P.......P.# ~≈≈≈$~~
.P...PP.....P~≈≈≈~..
.......P....~≈≈≈~~~##


You could see a merfolk aquamancer (corroded), a merfolk (ally target), a
friendly queen bee (summoned) and a friendly killer bee (summoned).

Vanquished Creatures
  Kirke (Lair:3)
  Aizul (Shoals:3)
  An orc warlord (Orc:2)
  An apis (Shoals:4)
  A spark wasp (Lair:2)
  Josephine (D:12)
  2 merfolk javelineers (Shoals:4)
  An ettin (Orc:2)
  3 hydras
  4 centaur warriors
  An ogre mage (Orc:2)
  6 boulder beetles
  2 merfolk avatars (Shoals:2)
  An anaconda (Lair:2)
  9 two-headed ogres
  8 death yaks
  2 tengu warriors (D:15)
  2 merfolk aquamancers (Shoals:4)
  A satyr (Shoals:3)
  An occultist (D:15)
  A soul eater (Shoals:1)
  5 skysharks
  A cherub (Shoals:4)
  7 sea snakes
  A deep troll (Lair:2)
  5 orc knights
  An orc sorcerer (Orc:2)
  A necromancer (D:15)
  2 deep elf zephyrmancers (D:14)
  5 harpies
  3 deep elf pyromancers (D:15)
  8 ugly things
  11 manticores
  4 fauns
  10 cyclopes
  14 elephants
  2 kobold blastminers (Orc:1)
  2 water nymphs
  4 merfolk sirens
  5 black mambas
  Joseph (Lair:1)
  13 cane toads
  A gargoyle (D:12)
  10 komodo dragons
  6 rime drakes
  A freezing wraith (D:15)
  5 yaktaurs (D:15)
  Psyche (D:8)
  A tengu conjurer (D:15)
  8 merfolk
  A hellwing (D:12)
  3 wind drakes
  A queen bee (Lair:3)
  6 polar bears
  14 trolls
  Prince Ribbit (D:5)
  13 blink frogs
  A meliai (Orc:2)
  A dream sheep (shapeshifter) (D:15)
  21 dream sheep
  A jumping spider (Lair:4)
  6 snapping turtles
  2 slime creatures (D:9)
  A spriggan (shapeshifter) (D:15)
  5 hogs (Lair:3)
  3 water elementals
  5 wraiths
  4 wyverns
  A shadow (D:9)
  5 basilisks
  51 yaks
  2 redbacks (Lair:2)
  A neqoxec (D:12)
  2 wargs
  A chaos spawn (D:12)
  2 steam dragons (D:6)
  Menkaure (D:7)
  An acid dragon (D:11)
  A naga (Lair:5)
  11 water moccasins
  7 orc warriors
  A sky beast (D:8)
  3 black bears
  18 ogres
  6 ice beasts
  18 wolves
  A boggart (Lair:4)
  11 centaurs
  A phantom (D:6)
  Blork the orc (D:5)
  A gnoll sergeant (D:7)
  5 scorpions
  11 bullfrogs
  3 wights (D:8)
  A killer bee (D:8)
  5 electric eels (D:12)
  4 howler monkeys
  2 vampire bats (D:5)
  3 quasits
  4 jellies
  10 orc priests
  A hound (D:5)
  2 iguanas
  A sleepcap (D:6)
  18 orc wizards
  5 hell rats (Lair:4)
  6 gnolls
  7 adders
  2 shadow imps
  A white imp (D:5)
  A bombardier beetle (D:12)
  4 ufetubi
  3 worms
  4 dart slugs
  53 orcs
  9 bats
  4 bat skeletons (D:5)
  2 bat zombies (D:5)
  10 endoplasms
  8 giant cockroaches
  6 goblins
  8 hobgoblins
  14 kobolds
  4 quokkas
  3 ball pythons
  7 frilled lizards
  3 rats
658 creatures vanquished.

Vanquished Creatures (collateral kills)
  Jorgrun (Shoals:3)
  An angel (Shoals:4)
  The ghost of Xirrym the Geomancer, a journeyman MfEE of Ashenzari (Lair:2)
  A dire elephant (Lair:5)
  A merfolk impaler (Shoals:3)
  The ghost of Ligragoa the Grappler, a journeyman TrGl of Xom (Lair:2)
  2 hydras
  An ogre mage (Orc:2)
  A catoblepas (D:15)
  A satyr (Lair:5)
  4 two-headed ogres (Orc:2)
  A death yak (Lair:5)
  A sun demon (Lair:5)
  A cherub (Shoals:4)
  2 skysharks
  2 deep trolls (Orc:2)
  A harpy (Shoals:2)
  An arcanist (Lair:5)
  A mana viper (Lair:5)
  An ugly thing (D:11)
  2 manticores
  A faun (Shoals:2)
  5 elephants
  A cyclops (Shoals:4)
  A black mamba (Lair:3)
  A kobold blastminer (Orc:2)
  2 orange demons (Lair:5)
  A cane toad (Lair:5)
  3 ice devils (Lair:5)
  A merfolk (Shoals:4)
  A red devil (Lair:5)
  2 trolls
  A hellwing (Lair:5)
  A wind drake (Shoals:4)
  A blink frog (Lair:5)
  2 snapping turtles (Shoals:4)
  3 slime creatures (D:9)
  A hog (Lair:3)
  2 water moccasins
  2 hell hounds (Lair:5)
  An orc warrior (Orc:2)
  3 ice beasts (D:11)
  7 ogres (Orc:2)
  2 wolves (Lair:5)
  3 bullfrogs
  A quasit (D:12)
  2 orc priests (Orc:2)
  2 orc wizards (Orc:2)
  4 orcs (Orc:2)
85 creatures vanquished.

Vanquished Creatures (others)
  A merfolk javelineer (Shoals:4)
  A swamp dragon (Shoals:4)
  A human (Lair:3)
  A hell hound (Lair:5)
  2 orcs (D:7)
  2 starspawn tentacles (Shoals:1)
8 creatures vanquished.

Grand Total: 751 creatures vanquished

Notes
Turn   | Place    | Note
-------+----------+-------------------------------------------
     0 | D:1      | sdynet the Oni Fighter began the quest for the Orb.
     0 | D:1      | Reached XP level 1. HP: 24/24 MP: 1/1
   105 | D:1      | Reached XP level 2. HP: 28/33 MP: 2/2
   206 | D:1      | Reached skill level 5 in Fighting
   511 | D:1      | Reached XP level 3. HP: 41/42 MP: 3/3
   922 | D:2      | Found a bloodstained altar of Trog.
  1264 | D:2      | Reached skill level 6 in Fighting
  1439 | D:3      | Reached XP level 4. HP: 53/53 MP: 4/4
  2107 | D:3      | Found an ornate altar of the Wu Jian Council.
  2107 | D:3      | Found a sparkling altar of Nemelex Xobeh.
  2107 | D:3      | Found a shadowy altar of Dithmenos.
  2107 | D:3      | Found a glowing silver altar of Zin.
  2107 | D:3      | Found a basalt altar of Yredelemnul.
  2107 | D:3      | Found a shimmering blue altar of Sif Muna.
  2115 | D:3      | Reached skill level 7 in Fighting
  2123 | D:3      | Reached XP level 5. HP: 47/62 MP: 5/5
  2180 | D:3      | Reached skill level 8 in Fighting
  2201 | D:3      | Became a worshipper of Nemelex Xobeh the Trickster
  2941 | D:5      | Entered Level 5 of the Dungeon
  3028 | D:5      | Reached XP level 6. HP: 74/74 MP: 6/6
  3110 | D:5      | Reached skill level 9 in Fighting
  3347 | D:5      | Noticed a water moccasin
  3370 | D:5      | Killed a water moccasin
  3371 | D:5      | Reached skill level 1 in Invocations
  3372 | D:5      | Reached XP level 7. HP: 45/83 MP: 8/8
  3514 | D:5      | Noticed Prince Ribbit
  3519 | D:5      | Gained mutation: You are strong-willed. (Will+) [potion of
                  | mutation]
  3519 | D:5      | Gained mutation: Your flesh is heat resistant. (rF+)
                  | [potion of mutation]
  3519 | D:5      | Gained mutation: You have sharp toenails. [potion of
                  | mutation]
  3661 | D:5      | Found a staircase to the Ecumenical Temple.
  3674 | Temple   | Entered the Ecumenical Temple
  3759 | D:5      | Noticed Blork the orc
  3766 | D:5      | Killed Blork the orc
  3916 | D:5      | Reached * piety under Nemelex Xobeh
  4138 | D:6      | Noticed a steam dragon
  4143 | D:6      | Killed a steam dragon
  4165 | D:6      | Reached XP level 8. HP: 92/92 MP: 11/11
  4430 | D:6      | Received a gift from Nemelex Xobeh
  4449 | D:6      | Reached skill level 5 in Polearms
  4449 | D:6      | Reached skill level 5 in Invocations
  5569 | D:7      | Reached ** piety under Nemelex Xobeh
  5716 | D:7      | Noticed Menkaure
  5723 | D:7      | Killed Menkaure
  5724 | D:7      | Reached skill level 5 in Shields
  6095 | D:7      | Reached XP level 9. HP: 70/98 MP: 13/13
  6339 | D:7      | Received a gift from Nemelex Xobeh
  6491 | D:8      | Found a shimmering blue altar of Sif Muna.
  6520 | D:8      | Noticed Psyche
  6686 | D:8      | Found the +2 pair of slick slippers {slick, slippery, EV+4}
  6687 | D:8      | Noticed an ice statue
  6819 | D:8      | Identified the +1 trident of Famine {flame, rElec rC++
                  | Will+}
  6843 | D:8      | Killed Psyche
  7032 | D:9      | Noticed a two-headed ogre
  7175 | D:9      | Received a gift from Nemelex Xobeh
  7250 | D:9      | Reached skill level 10 in Fighting
  7323 | D:9      | Reached *** piety under Nemelex Xobeh
  7510 | D:9      | Killed a two-headed ogre
  7511 | D:9      | Reached XP level 10. HP: 111/111 MP: 15/15
  7514 | D:9      | Found a staircase to the Orcish Mines.
  8036 | D:9      | Reached skill level 11 in Fighting
  8145 | Orc:1    | Entered Level 1 of the Orcish Mines
  8168 | D:10     | Entered Level 10 of the Dungeon
  8278 | D:10     | Received a gift from Nemelex Xobeh
  9131 | D:5      | Killed Prince Ribbit
  9132 | D:5      | Reached skill level 1 in Evocations
  9156 | D:5      | Found an ancient bone altar of Kikubaaqudgha.
  9592 | D:11     | Reached XP level 11. HP: 103/123 MP: 16/18
  9761 | D:11     | Found a staircase to the Lair.
  9795 | D:11     | Noticed a two-headed ogre
  9798 | D:11     | Identified the +1 long sword of Dim Light {drain, rN+}
  9801 | D:11     | Killed a two-headed ogre
  9802 | D:11     | Reached skill level 12 in Fighting
  9969 | D:11     | Reached **** piety under Nemelex Xobeh
 10012 | D:11     | Noticed a two-headed ogre
 10019 | D:11     | Killed a two-headed ogre
 10180 | D:11     | Noticed a white ugly thing
 10198 | D:11     | Killed a white ugly thing
 10199 | D:11     | Reached skill level 10 in Invocations
 10469 | D:11     | Received a gift from Nemelex Xobeh
 10574 | Lair:1   | Entered Level 1 of the Lair of Beasts
 10687 | Lair:1   | Noticed Harold
 10693 | Lair:1   | Harold changed into Harold the warg
 10693 | Lair:1   | Noticed Harold
 10696 | Lair:1   | Noticed Joseph
 10697 | Lair:1   | Killed Harold the warg
 10697 | Lair:1   | Killed Joseph
 10716 | Lair:1   | Reached skill level 13 in Fighting
 11001 | Lair:1   | Reached skill level 14 in Fighting
 11001 | Lair:1   | Reached XP level 12. HP: 139/139 MP: 19/21
 11073 | Lair:1   | Received a gift from Nemelex Xobeh
 11812 | Lair:2   | Reached ***** piety under Nemelex Xobeh
 12246 | Lair:2   | Found a hole to the Spider Nest.
 12260 | Lair:2   | Noticed a skyshark
 12266 | Lair:2   | Killed a skyshark
 12266 | Lair:2   | Noticed a four-headed hydra
 12270 | Lair:2   | Killed a four-headed hydra
 12285 | Lair:2   | Found a runed translucent gate.
 12287 | Lair:2   | Found a runed translucent gate.
 12288 | Lair:2   | Found a runed translucent gate.
 12289 | Lair:2   | Received a gift from Nemelex Xobeh
 12289 | Lair:2   | Noticed Xirrym's ghost (journeyman MfEE)
 12289 | Lair:2   | Noticed Ligragoa's ghost (journeyman TrGl)
 12303 | Lair:2   | Killed Xirrym's ghost
 12304 | Lair:2   | Killed Ligragoa's ghost
 12305 | Lair:2   | Reached skill level 15 in Fighting
 12319 | Lair:2   | Identified the orb "Vientus" {mayhem, rN+}
 12336 | Lair:2   | Noticed a death yak
 12336 | Lair:2   | Noticed a death yak
 12338 | Lair:2   | Noticed a death yak
 12338 | Lair:2   | Noticed a death yak
 12339 | Lair:2   | Noticed a death yak
 12341 | Lair:2   | Noticed a death yak
 12342 | Lair:2   | a death yak changed into an anaconda
 12342 | Lair:2   | Noticed an anaconda
 12342 | Lair:2   | a death yak changed into a water nymph
 12342 | Lair:2   | a death yak changed into a deep troll
 12342 | Lair:2   | a death yak changed into a spark wasp
 12342 | Lair:2   | Noticed a spark wasp
 12346 | Lair:2   | Killed an anaconda
 12347 | Lair:2   | Reached skill level 10 in Polearms
 12347 | Lair:2   | Killed a death yak
 12347 | Lair:2   | Killed a death yak
 12348 | Lair:2   | Reached skill level 10 in Shields
 12348 | Lair:2   | Reached XP level 13. HP: 99/150 MP: 22/22
 12349 | Lair:2   | Killed a spark wasp
 12802 | Lair:2   | Received a gift from Nemelex Xobeh
 13526 | Lair:3   | Noticed Nergalle
 13540 | Lair:3   | Nergalle changed into Nergalle the queen bee
 13540 | Lair:3   | Noticed Nergalle
 13543 | Lair:3   | Killed Nergalle the queen bee
 13801 | Lair:3   | Noticed Kirke
 13820 | Lair:3   | Killed Kirke
 13821 | Lair:3   | Reached skill level 16 in Fighting
 13885 | Lair:3   | Received a gift from Nemelex Xobeh
 14390 | Lair:3   | Received a gift from Nemelex Xobeh
 14485 | Lair:3   | Found a staircase to the Shoals.
 15285 | Lair:4   | Received a gift from Nemelex Xobeh
 15422 | Lair:4   | Found a viscous altar of Jiyva.
 15422 | Lair:4   | Found a staircase to the Slime Pits.
 15550 | Lair:4   | Received a gift from Nemelex Xobeh
 15593 | Lair:4   | Reached XP level 14. HP: 154/163 MP: 24/24
 16239 | Lair:5   | Entered Level 5 of the Lair of Beasts
 16669 | Lair:5   | Identified the +8 quarterstaff of Ruops {freeze, rElec
                  | Dex+3 Stlth+}
 16691 | Lair:5   | Identified the -1 trident of Gasot {flame, Will+}
 16768 | Lair:5   | Reached skill level 17 in Fighting
 17356 | Lair:5   | Reached skill level 15 in Invocations
 17485 | Lair:5   | Noticed a dire elephant
 17497 | Lair:5   | Killed a dire elephant
 17515 | Lair:5   | Found a burning altar of Makhleb.
 17536 | Lair:5   | Found a gateway to Hell.
 17605 | Lair:5   | Received a gift from Nemelex Xobeh
 18836 | Orc:1    | Received a gift from Nemelex Xobeh
 18861 | Orc:1    | Found Giw Licerr's Specific Store.
 18862 | Orc:1    | You fall into a shaft and drop 1 floor!
 18862 | Orc:2    | Entered Level 2 of the Orcish Mines
 18862 | Orc:2    | Noticed an orc warlord
 18862 | Orc:2    | Found Poynioh's Distillery.
 18868 | Orc:2    | Killed an orc warlord
 18869 | Orc:2    | Reached skill level 18 in Fighting
 18869 | Orc:2    | Reached XP level 15. HP: 130/176 MP: 26/26
 18882 | Orc:2    | Found Recsufuf's Book Emporium.
 18933 | Orc:2    | Found Poeninwi's Antique Weapon Shoppe.
 18935 | Orc:2    | Found Raof's Distillery.
 18981 | Orc:2    | Found Viaz's Distillery.
 18986 | Orc:2    | Found Vayxav's General Store.
 19256 | Orc:2    | Bought a potion of haste for 120 gold pieces
 19327 | Orc:2    | Bought a manual of Fighting for 1040 gold pieces
 19357 | Orc:2    | Found Uduecug's Antique Armour Shop.
 19360 | Orc:2    | Found a staircase to the Elven Halls.
 19458 | Orc:2    | Found Qifauf's Armour Shoppe.
 19816 | Orc:2    | Bought a potion of berserk rage for 60 gold pieces
 19816 | Orc:2    | Bought a potion of enlightenment for 60 gold pieces
 19816 | Orc:2    | Bought a potion of haste for 120 gold pieces
 20152 | Orc:1    | Received a gift from Nemelex Xobeh
 20323 | Orc:1    | Found Fiffifaf's General Store.
 20566 | Orc:2    | Reached skill level 19 in Fighting
 20744 | Orc:2    | Found Jiranu's Distillery.
 20753 | Orc:2    | Bought a potion of heal wounds for 70 gold pieces
 20753 | Orc:2    | Bought 3 potions of haste for 420 gold pieces
 20776 | Orc:2    | Bought a potion of heal wounds for 60 gold pieces
 20776 | Orc:2    | Bought a potion of heal wounds for 60 gold pieces
 20776 | Orc:2    | Bought a potion of haste for 120 gold pieces
 20776 | Orc:2    | Bought a potion of curing for 36 gold pieces
 21087 | D:12     | Reached ****** piety under Nemelex Xobeh
 21087 | D:12     | Received a gift from Nemelex Xobeh
 21412 | D:12     | Noticed Josephine
 21421 | D:12     | Killed Josephine
 21444 | D:12     | Received a gift from Nemelex Xobeh
 22038 | D:13     | Received a gift from Nemelex Xobeh
 22070 | D:13     | Found a runed translucent gate.
 22070 | D:13     | Found a runed translucent gate.
 22070 | D:13     | Found a runed translucent gate.
 22070 | D:13     | Noticed an acid blob
 22070 | D:13     | Noticed an acid blob
 22071 | D:13     | Noticed an azure jelly
 22072 | D:13     | Noticed an azure jelly
 22072 | D:13     | Noticed an acid blob
 22077 | D:13     | Noticed an acid blob
 22077 | D:13     | Noticed cinnamon's ghost (journeyman TrFi)
 22077 | D:13     | Noticed a rockslime
 22077 | D:13     | Noticed an azure jelly
 22078 | D:13     | Noticed an acid blob
 22078 | D:13     | Noticed an azure jelly
 22078 | D:13     | Noticed an azure jelly
 22080 | D:13     | Found a viscous altar of Jiyva.
 22461 | D:13     | Received a gift from Nemelex Xobeh
 23190 | D:14     | Found a bloodstained altar of Trog.
 23340 | D:14     | Reached XP level 16. HP: 163/192 MP: 28/28
 23542 | D:14     | Received a gift from Nemelex Xobeh
 23557 | D:14     | Found a runed translucent gate.
 23558 | D:14     | Found a runed translucent gate.
 23558 | D:14     | Found a runed translucent gate.
 23639 | D:14     | Noticed Frances
 23643 | D:14     | Frances changed into Frances the boulder beetle
 23643 | D:14     | Noticed Frances
 23647 | D:14     | Killed Frances the boulder beetle
 23648 | D:14     | Reached skill level 20 in Fighting
 23752 | D:14     | Found a gate to the Vaults.
 24020 | D:15     | Entered Level 15 of the Dungeon
 24252 | D:15     | Found an opulent altar of Gozag.
 24253 | D:15     | Found an opulent altar of Gozag.
 24314 | D:15     | Found an opulent altar of Gozag.
 24322 | D:15     | Found an opulent altar of Gozag.
 24484 | D:15     | Found a staircase to the Depths.
 24667 | D:15     | Received a gift from Nemelex Xobeh
 24956 | D:15     | Received a gift from Nemelex Xobeh
 25139 | D:15     | Identified the +0 dagger of the Manifold Spines {freeze,
                  | *Slow Will+ Str+3}
 25510 | Shoals:1 | Entered Level 1 of the Shoals
 25540 | Shoals:1 | Noticed Mlioglotl
 25541 | Shoals:1 | Noticed a tentacled starspawn
 25542 | Shoals:1 | Mlioglotl changed into Mlioglotl the soul eater
 25542 | Shoals:1 | Noticed Mlioglotl
 25543 | Shoals:1 | Killed Mlioglotl the soul eater
 25741 | Shoals:1 | Found Mygg's CLEARANCE SALE!.
 25763 | Shoals:1 | Bought a scroll of poison for 12 gold pieces
 25770 | Shoals:1 | Received a gift from Nemelex Xobeh
 25894 | Shoals:1 | Reached skill level 21 in Fighting
 26309 | Shoals:1 | Received a gift from Nemelex Xobeh
 27824 | Shoals:3 | Found a runed translucent gate.
 27824 | Shoals:3 | Found a runed translucent gate.
 27824 | Shoals:3 | Found a runed translucent gate.
 27825 | Shoals:3 | Noticed MrDizzy's ghost (adept BaIE)
 27861 | Shoals:3 | Noticed Jorgrun
 27866 | Shoals:3 | Killed Jorgrun
 27891 | Shoals:3 | Received a gift from Nemelex Xobeh
 28132 | Shoals:3 | Reached skill level 22 in Fighting
 28139 | Shoals:3 | Reached XP level 17. HP: 203/208 MP: 30/30
 28323 | Shoals:3 | Identified the serpent talisman of the Eternal Void {rElec
                  | Will+ Int+3}
 28323 | Shoals:3 | Noticed Aizul
 28331 | Shoals:3 | Killed Aizul
 28517 | Shoals:4 | Entered Level 4 of the Shoals
 29126 | Shoals:4 | Found a glowing silver altar of Zin.
 29132 | Shoals:4 | Reached skill level 15 in Polearms
 29191 | Shoals:4 | Found the +8 arc blade {discharge, rElec}
 29228 | Shoals:4 | Collided with a stone wall

Illustrated notes

Levels and vault maps discovered:
D:1:      onia_arrival_mini_maze_b, layout_loops_cross, dk_noncrumbling_3,
          chequers_avenue
D:2:      layout_basic, basic_altar, moated_statue, minmay_tripent
D:3:      cheibrodos_fertilizer, layout_loops_ring
D:4:      layout_basic
D:5:      layout_basic, kennysheep_vampire_church,
          minmay_temple_entry_large_hall, serial_library_hellmonk_hallway_b,
          uniq_prince_ribbit1, uniq_blork_the_orc
D:6:      layout_layer_cave, serial_glass, glass_columns_b, glass_columns_a
D:7:      layout_loops_ring, uniq_menkaure
D:8:      minmay_statue_hallways, layout_rooms,
          mainiacjoe_overflow_small_starburst, uniq_psyche
D:9:      layout_cave_pods, orc_0_dummy, amcnicky_mini_rare_corridor_liquid
D:10:     layout_loops_cross, serial_rivers, chequers_serial_rivers_small_a,
          chequers_serial_rivers_large_a, chequers_serial_rivers_micro_a,
          chequers_serial_rivers_micro_c, chequers_serial_rivers_room_b
D:11:     layout_stronghold, hellmonk_lair_entry_icy
D:12:     layout_cave_pools, serial_demonic, serial_demonic_e, serial_demonic_g,
          serial_demonic_f, serial_demonic_c, nicolae_benzene_ring,
          serial_bayou_lagoon_b, uniq_josephine
D:13:     layout_loops_corners, gammafunk_ghost_ooze
D:14:     layout_roguey, david_vaults_1, trog_three_pillars_becter,
          ploomutoo_gammafunk_ghost_potion_laboratory, uniq_frances
D:15:     hangedman_depths_entry_civil_slaughter, layout_loops_ring,
          hangedman_decor_slide_cut, nrook_mini_vaults, chequers_arboretum,
          nicolae_gozag_conspicuous_consumption
Temple:   mainiacjoe_temple_cubbyholes
Lair:1:   layout_gridlike, grunt_megastairs_4, uniq_joseph, uniq_harold
Lair:2:   layout_regular_city, spider_nest_entry_webs, gammafunk_ghost_cemetery,
          serial_bayou_crossing
Lair:3:   layout_chaotic_city, mainiacjoe_shoals_entry_four_pools,
          infiniplex_staircase_pool_2, uniq_nergalle, uniq_kirke
Lair:4:   layout_layer_cave, slime_entry_1
Lair:5:   evil_forest, layout_loops_ring
Shoals:1: layout_shoals, nicolae_shop_clearance, uniq_mlioglotl
Shoals:2: layout_shoals, nicolae_shoals_arrival_archipelago
Shoals:3: layout_shoals, ebering_ghost_rock_garden, uniq_aizul, uniq_jorgrun
Shoals:4: shoals_end_hellmonk_holy_island
Orc:1:    layout_diamond_mine, nicolae_specific_store
Orc:2:    st_orc_open, layout_caves, serial_shops, nicolae_lakefront_shop, shop,
          nicolae_shop_tiny_glass, nicolae_diamond_shop,
          nicolae_shop_just_a_little_nook, hellmonk_guarded_unrand_dark_maul

Skill      XL: |  1  2  3  4  5  6  7  8  9 10 11 12 13 14 15 16 17 |
---------------+----------------------------------------------------+-----
Fighting       | 5 6 7 8 9 10 11 14 15 16 18 19 22 | 22.6
Dodging        | 3 |  3.0
Shields        | 3 6 7 8 9 10 11 12 13 14 | 14.3
Invocations    | 2 4 6 7 9 12 13 14 15 17 18 | 18.5
Polearms       | 4 5 6 7 9 10 11 12 13 14 15 | 15.1
Evocations     | 1 |  1.0

Action                     |  1- 3 |  4- 6 |  7- 9 | 10-12 | 13-15 | 16-18 || total
---------------------------+-------+-------+-------+-------+-------+-------++-------
  Melee: Trident           |   119 |   109 |   215 |   309 |   967 |   605 ||  2324
         Headbutt          |     8 |    13 |    43 |    59 |   218 |   111 ||   452
         Kick              |       |       |    75 |    92 |   348 |   160 ||   675
         Whip              |       |       |    55 |       |       |       ||    55
         Maul              |       |       |       |       |     1 |       ||     1
  Throw: Dart              |       |    12 |     4 |    17 |    72 |    31 ||   136
         Boomerang         |       |     3 |    23 |    13 |    13 |     3 ||    55
         Throwing net      |       |       |       |       |     1 |       ||     1
 Invoke: Draw Destruction  |       |       |    10 |    22 |    50 |    22 ||   104
         Draw Summoning    |       |       |     2 |     8 |    17 |     9 ||    36
         Draw Escape       |       |       |     2 |     7 |    11 |    10 ||    30
         Draw Stack        |       |       |       |       |     5 |     4 ||     9
         Stack Five        |       |       |       |       |     2 |       ||     2
         Triple Draw       |       |       |       |       |     1 |       ||     1
         Deal Four         |       |       |       |       |       |     2 ||     2
  Evoke: Wand              |       |       |     7 |     9 |    10 |     5 ||    31
         Lightning rod     |       |       |       |       |       |     5 ||     5
    Use: Scroll            |     2 |     4 |     8 |     5 |     6 |     9 ||    34
         Potion            |       |     5 |     2 |     2 |     5 |     3 ||    17
   Stab: Paralysed         |       |       |    10 |    16 |     7 |       ||    33
         Distracted        |       |       |       |     1 |     3 |     3 ||     7
         Sleeping          |       |       |       |       |     4 |       ||     4
         Petrified         |       |       |       |       |     9 |     1 ||    10
         Petrifying        |       |       |       |       |     1 |       ||     1
         Held in net/web   |       |       |       |       |     2 |       ||     2
         Confused          |       |       |       |       |     1 |       ||     1
 Armour: Robe              |    69 |    85 |   184 |   180 |   265 |    76 ||   859
         Troll leather arm |       |       |       |       |   189 |   220 ||   409
  Dodge: Dodged            |    31 |    36 |   115 |   108 |   211 |    78 ||   579
  Block: Kite shield       |    36 |    48 |   158 |   156 |   533 |   357 ||  1288
         Reflection        |       |       |       |       |     7 |    48 ||    55

Table legend: (Time is in decaauts)
 A = Elapsed time spent in this place.
 B = Non-inter-level travel time spent in this place.
 C = Inter-level travel time spent in this place.
 D = Time resting spent in this place.
 E = Time spent auto-exploring this place.
 F = Levels seen in this place.
 G = Mean time per level.
                   A        B        C        D        E       F      G
               +--------+--------+--------+--------+--------+-----+--------+
         Total |  28992 |  26116 |   2876 |    228 |  20677 |  27 | 1073.8 |
       Dungeon |  15641 |  13760 |   1881 |     53 |  10995 |  15 | 1042.7 |
        Temple |      1 |      1 |      0 |      0 |      0 |   1 |    1.0 |
          Lair |   8243 |   7606 |    637 |    170 |   6129 |   5 | 1648.6 |
        Shoals |   3165 |   2976 |    189 |      4 |   2171 |   4 |  791.2 |
  Orcish Mines |   1941 |   1773 |    168 |      0 |   1382 |   2 |  970.5 |
               +--------+--------+--------+--------+--------+-----+--------+

Top non-repeatable levels by time:
  Lair:5: 2179 daAuts
  Lair:2: 1707 daAuts
  Lair:4: 1626 daAuts
  Lair:3: 1477 daAuts
    D:11: 1426 daAuts
     D:5: 1314 daAuts
     D:6: 1284 daAuts
     D:9: 1280 daAuts
Shoals:3: 1265 daAuts
  Lair:1: 1252 daAuts
    D:13: 1249 daAuts
   Orc:2: 1236 daAuts
     D:7: 1205 daAuts
    D:14: 1124 daAuts
    D:15: 1082 daAuts
